 Dungeon Crawl Stone Soup version 0.19-a0-1932-g59670f6 (webtiles) character file.

86711 witty the Brawler (level 15, -4/141 HPs)
             Began as a Ghoul Monk on Oct 26, 2016.
             Was a High Priest of Cheibriados.
             Shot with an arrow by a naga sharpshooter (13 damage)
             ... led by Vashnia
             ... on level 3 of the Snake Pit.
             The game lasted 01:14:33 (23291 turns).

witty the Brawler (Ghoul Monk)                     Turns: 23291, Time: 01:14:33

Health: -4/141     AC: 19    Str: 35    XL:     15   Next: 88%
Magic:  0/20       EV: 24    Int: 23    God:    Cheibriados [*****.]
Gold:   961        SH:  8    Dex: 36    Spells: 1 memorised, 13 levels left

rFire  + + .     SeeInvis .       - Unarmed
rCold  + + .     Gourm    .     S - +2 scale mail of the Bulwark {rElec Str+6 Int-4}
rNeg   + + +     Faith    .     t - +0 buckler {AC+3}
rPois  ∞         Spirit   +     F - +1 helmet
rElec  +         Reflect  .     N - +0 cloak
rCorr  .         Harm     .     C - +1 pair of gloves {Dex+3}
MR     +....                    (no boots)
Stlth  +++.......               h - amulet of guardian spirit {Spirit}
                                M - ring of Xiniof {*Slow rF+ rC+ Int+10}
                                q - ring of protection from fire {rF+, !d}

@: agile, about to teleport, rotting, very slow
A: rotting body, claws 1, carnivore 3, cold resistance 1, negative energy
resistance 3, slow regeneration 1, torment resistance, unbreathing
a: Bend Time, Temporal Distortion, Slouch, Step From Time, Renounce Religion


You were on level 3 of the Snake Pit.
You worshipped Cheibriados.
Cheibriados was extremely pleased with you.
You were not hungry.

You visited 5 branches of the dungeon, and saw 23 of its levels.
You also visited: Ossuary.

You collected 2132 gold pieces.
You spent 1171 gold pieces at shops.

Inventory:

Armour
 e - a +0 shield
   (You found it on level 4 of the Dungeon)
 g - the +1 chain mail of the Iron Devil {Dex+3}
   (You found it on level 4 of the Lair of Beasts)

   It affects your dexterity (+3).
 p - the +1 robe "Desterch" {Str+3, unknown}
   (You found it on level 6 of the Lair of Beasts)

   It affects your strength (+3).
 t - a +0 buckler of protection (worn)
   (You found it on level 11 of the Dungeon)
 C - a +1 pair of gloves of dexterity (worn)
   (You bought it in a shop on level 6 of the Dungeon)
 F - a +1 helmet (worn)
   (You found it on level 7 of the Dungeon)
 N - a +0 cloak (worn)
   (You found it on level 9 of the Dungeon)
 S - the +2 scale mail of the Bulwark (worn) {rElec Str+6 Int-4}
   (You found it on level 5 of the Dungeon)

   It affects your strength (+6).
   It affects your intelligence (-4).
   It insulates you from electricity.
Magical Staves
 J - an uncursed staff of energy {unknown}
   (You found it on level 6 of the Lair of Beasts)
Jewellery
 h - an amulet of guardian spirit (around neck) {Spirit}
   (You found it on level 1 of the Dungeon)
 q - a ring of protection from fire (left hand) {rF+, !d}
   (You found it on level 4 of the Dungeon)
 w - an uncursed ring of protection from cold {rC+, !d}
   (You found it on level 6 of the Lair of Beasts)
 M - the ring of Xiniof (right hand) {*Slow rF+ rC+ Int+10}
   (You found it on level 2 of the Lair of Beasts)

   [ring of protection from fire]

   It affects your intelligence (+10).
   It protects you from fire.
   It protects you from cold.
   It may slow you when you take damage.
 O - an uncursed ring of resist corrosion
   (You found it on level 9 of the Dungeon)
 P - a +3 ring of intelligence
   (You found it on level 9 of the Dungeon)
 U - a +3 ring of evasion
   (You took it off a naga on level 2 of the Snake Pit)
Wands
 a - a wand of flame (15/48)
   (You found it on level 2 of the Snake Pit)
 k - a wand of enslavement (13/24)
   (You found it on level 2 of the Lair of Beasts)
 r - a wand of iceblast (5/15)
   (You found it on level 1 of the Snake Pit)
 A - a wand of confusion (17/48)
   (You found it on level 7 of the Dungeon)
 I - a wand of confusion (20/48)
   (You found it on level 2 of the Lair of Beasts)
 K - a wand of teleportation (0/9)
   (You found it on level 9 of the Dungeon)
 Q - a wand of iceblast (7/15)
   (You took it off a naga on level 2 of the Snake Pit)
 R - a wand of iceblast (6/15)
   (You found it on level 1 of the Snake Pit)
 V - a wand of digging (0/24)
   (You found it on level 10 of the Dungeon)
 W - a wand of digging (7/24)
   (You found it on level 10 of the Dungeon)
Scrolls
 c - 14 scrolls of remove curse
 m - 7 scrolls of teleportation
 n - a scroll of enchant weapon
 s - 4 scrolls of fog
 x - 8 scrolls of amnesia
 y - 4 scrolls of recharging
 E - 2 scrolls of identify
 H - a scroll of magic mapping {!r}
 T - 3 scrolls of enchant armour
Potions
 d - a potion of magic
 i - 2 potions of curing
 j - a potion of cancellation
 l - 2 potions of brilliance
 z - a potion of resistance
 X - 2 potions of flight
Books
 u - a book of Misfortune
   (You found it on level 1 of the Snake Pit)
 Z - a book of Beasts
   (You found it on level 2 of the Snake Pit)
Miscellaneous
 f - a lamp of fire
   (You found it on level 2 of the Lair of Beasts)
 L - a fan of gales
   (You found it on level 1 of the Snake Pit)
 Y - a phantom mirror
Comestibles
 b - 13 meat rations {@e2}
 v - 3 royal jellies
 B - 7 beef jerkies
 G - 12 slices of pizza


   Skills:
 - Level 15.0 Fighting
 + Level 7.6 Armour
 - Level 7.0 Dodging
 - Level 2.1 Stealth
 - Level 6.0 Shields
 - Level 18.0 Unarmed Combat
 - Level 4.5 Hexes
 - Level 9.2 Invocations
 - Level 5.1 Evocations


You had 13 spell levels left.
You knew the following spells:

 Your Spells              Type           Power        Failure   Level  Hunger
a - Confusing Touch       Hex            ###...       4%          1    ##.....


Dungeon Overview and Level Annotations

Branches:
Dungeon (11/15)            Temple (1/1) D:5            Lair (6/6) D:11
 Shoals (0/4) Lair:4        Snake (3/4) Lair:3        Slime (0/5) Lair:5
    Orc (2/2) D:9             Elf (0/3) Orc:2

Altars:
Ashenzari
Cheibriados
Dithmenos
Elyvilon
Fedhas
Gozag
Hepliaklqana
Kikubaaqudgha
Makhleb
Nemelex Xobeh
Okawaru
Qazlal
Ru
Sif Muna
Trog
Uskayaw
Vehumet
Xom
Yredelemnul
Zin
The Shining One

Shops:
D:6 [   D:11 [   Orc:2 (:[(

Annotations:
D:3 exclusion: Ijyb, Grinder, Ijyb
Snake:2 exclusion: Roxanne, Roxanne
Snake:3 Bai Suzhen, Vashnia


Innate Abilities, Weirdness & Mutations

Your body is rotting away.
You thrive on raw meat.
You are immune to poison.
You have sharp fingernails.
You are carnivorous and can eat meat at any time.
Your flesh is cold resistant. (rC+)
You are immune to negative energy. (rN+++)
You regenerate slowly when monsters are visible.
You are immune to unholy pain and torment.
You can survive without breathing.


Message History

Okay, then.
Unknown command.
Okay, then.
Okay, then.
You don't have enough magic at the moment.
You feel much better.
You hear a shout!
Vashnia mumbles some strange words.
Vashnia magically shoots a bolt.
The bolt hits you!
* * * LOW HITPOINT WARNING * * *
You hear a splash. x2
You regained 3 hp, and now have 21/141 hp.
You now have 2/20 mp.
Magic courses through your body.
You are standing in a thunderstorm.
Bai Suzhen bites you!
* * * LOW HITPOINT WARNING * * *
Bai Suzhen barely misses you. Bai Suzhen tramples you.
You stumble backwards!
You take 7 damage, and have 14/141 hp.
You regained 9 mp, and now have 11/20 mp.
You fail to use your ability.
You are standing in a thunderstorm.
You block Bai Suzhen's attack. x2
Bai Suzhen tramples you but does no damage.
A black mamba comes into view.
You step out of the flow of time.
You return to the normal time flow.
You feel somewhat more hungry.
Cheibriados lowers the support of your attributes as your movement quickens.
The black mamba hisses angrily.
The naga warrior shouts!
You now have 1/20 mp.
As you read the scroll of teleportation, it crumbles to dust.
You feel strangely unstable. The naga warrior spits poison at you.
You block the splash of poison. The black mamba bites you.
* * * LOW HITPOINT WARNING * * *
You take 1 damage, and have 13/141 hp.
You feel better. The black mamba closely misses you.
You regained 6 hp, and now have 19/141 hp.
You feel better. The black mamba completely misses you.
The black mamba barely misses you.
You regained 11 hp, and now have 30/141 hp.
Okay, then.
Okay, then.
Okay, then.
You miss the black mamba. The black mamba closely misses you.
You punch the black mamba! You block the black mamba's attack.
The black mamba bites you but does no damage.
You completely miss the black mamba.
Your surroundings suddenly seem different.
You hear a mighty clap of thunder! x4
The rock shatters into small pieces.
This wand has 7 charges left.
You hear a mighty clap of thunder!
A mana viper comes into view.
The mana viper hisses angrily.
The mana viper barely misses you.
A black mamba and a naga come into view.
The black mamba hisses angrily.
The naga shouts!
You punch the mana viper! You block the mana viper's attack.
A black mamba and a nagaraja come into view.
You feel strangely unstable.
This wand has 0 charges left.
The black mamba hisses angrily.
The mana viper misses you.
You hear a mighty clap of thunder! x2
The mana viper bites you but does no damage.
The mana viper barely misses you.
You hear a mighty clap of thunder!
You closely miss the mana viper.
Your surroundings suddenly seem different.
Unknown command.
Unknown command.
As you read the scroll of teleportation, it crumbles to dust.
You feel strangely unstable.
Vashnia shouts!
The naga sharpshooter shouts! x3
The naga sharpshooter spits poison at you.
The splash of poison hits you! You resist.
The naga sharpshooter shoots a bolt.
The bolt closely misses you.
The naga sharpshooter shoots an arrow.
The arrow hits you but does no damage.
The naga sharpshooter shoots a bolt.
The bolt misses you.
The naga sharpshooter unwields an uncursed scimitar.
The naga sharpshooter wields an uncursed arbalest.
The naga sharpshooter gestures wildly while chanting.
The naga sharpshooter magically shoots a bolt.
The bolt hits you!
* * * LOW HITPOINT WARNING * * *
Vashnia blinks!
A black mamba comes into view.
The black mamba hisses angrily.
You hear a shout! x2
You take 9 damage, and have 23/141 hp.
Unknown command.
Okay, then.
Okay, then.
You feel agile all of a sudden.
The naga sharpshooter gestures wildly while chanting.
The naga sharpshooter magically shoots a bolt.
The bolt hits you!
* * * LOW HITPOINT WARNING * * *
The naga sharpshooter gestures wildly while chanting.
The naga sharpshooter magically shoots an arrow.
The arrow hits you!
You die...

#.# ##...N.....## #.#
##S..#[..#...# #.#
##.#......#..##
#.###.###.........#
#.#.## #..<[...# #)##
#.......#
##.####.N.....##
##..##.....)..#
#..N@.N......#
##..(N..N#...)N...
#.N..<...#.N.$....
........>.N.§........
.....######......#...
..#... ##....S....=##
...... ##.......#####
....###........###.
N.. ##.....N.......


You could see a naga warrior, a nagaraja, 5 naga sharpshooters and a black
mamba.

Vanquished Creatures
  A nagaraja (Snake:2)
  Donald (Snake:1)
  Aizul (Snake:2)
  The ghost of jasper the Black Belt, a journeyman DsMo of Okawaru (Lair:6)
  A death ooze (Lair:5)
  2 ogre magi (Orc:2)
  2 naga warriors
  5 hydras
  Harold (Lair:2)
  2 catoblepae
  6 anacondas
  5 death yaks (Lair:4)
  An orc high priest (Orc:2)
  A shock serpent (Snake:1)
  2 naga sharpshooters
  Nergalle (Lair:4)
  The ghost of Sestren413 the Transmogrifier, a novice DrTm of Dithmenos (D:8)
  2 deep trolls (Orc:2)
  A naga ritualist (Snake:1)
  2 orc knights
  4 hill giants
  4 mana vipers (Snake:1)
  4 cyclopes
  11 elephants
  An ugly thing (D:11)
  2 salamanders
  Maurice (D:11)
  A torpor snail (Lair:6)
  18 black mambas
  4 naga magi
  22 spiny frogs
  4 rime drakes
  7 komodo dragons
  A tengu conjurer (D:11)
  11 trolls
  7 two-headed ogres
  Prince Ribbit (D:5)
  4 tyrant leeches (Lair:6)
  A hornet (D:10)
  14 blink frogs
  A snapping turtle (Lair:4)
  13 dream sheep (Lair:6)
  11 hippogriffs
  3 slime creatures (Lair:5)
  A meliai zombie (D:11)
  Grum (D:8)
  21 yaks
  A wyvern (Lair:4)
  2 basilisks
  4 hogs (D:7)
  A human (D:7)
  4 vampire mosquitoes (Lair:6)
  2 wargs
  9 nagas
  18 water moccasins
  9 porcupines
  3 black bears
  3 sky beasts
  3 phantoms
  21 orc warriors
  26 ogres
  2 centaurs
  3 wolves
  14 crocodiles
  4 big kobolds
  An elf zombie (Ossuary)
  21 bullfrogs
  A scorpion (D:10)
  6 killer bees (D:11)
  8 electric eels (Lair:6)
  4 howler monkeys
  2 bullfrog zombies
  2 centaur zombies
  3 crimson imps
  7 hounds
  3 jellies
  17 orc priests
  A bullfrog skeleton (D:10)
  3 centaur skeletons
  4 iguanas
  2 human zombies (Ossuary)
  Natasha (D:2)
  2 worker ants
  6 hell rats (Lair:3)
  18 orc wizards
  A killer bee zombie (D:7)
  2 big kobold zombies (Ossuary)
  A hound zombie (D:7)
  2 mummies (Ossuary)
  A worker ant zombie (D:4)
  A howler monkey zombie (D:9)
  4 gnolls (Orc:2)
  A howler monkey skeleton (D:11)
  14 adders
  11 river rats (Lair:3)
  3 shadow imps
  2 adder zombies (Ossuary)
  An adder skeleton (D:5)
  3 worms
  6 leopard geckos
  57 orcs
  3 giant cockroaches
  5 goblins
  6 hobgoblins
  4 jackals (D:3)
  22 kobolds
  3 quokkas
  6 ball pythons
  10 bats
  5 frilled lizards
  4 hobgoblin zombies (Ossuary)
  11 kobold zombies (Ossuary)
  2 leopard gecko skeletons (D:4)
  11 orc zombies (Ossuary)
  20 rats
  A rat zombie (Ossuary)
676 creatures vanquished.

Vanquished Creatures (others)
  A wizard (D:6)
  11 fungi
  34 plants
46 creatures vanquished.

Grand Total: 722 creatures vanquished

Notes
Turn   | Place    | Note
-------+----------+-------------------------------------------
     0 | D:1      | witty the Ghoul Monk began the quest for the Orb.
     0 | D:1      | Reached XP level 1. HP: 19/19 MP: 0/0
   419 | D:1      | Reached XP level 2. HP: 25/25 MP: 1/1
   878 | D:2      | Reached skill level 4 in Fighting
   947 | D:2      | Reached XP level 3. HP: 30/33 MP: 2/2
  1212 | D:2      | Noticed Natasha
  1219 | D:2      | Killed Natasha
  1219 | D:2      | Reached skill level 4 in Unarmed Combat
  1243 | D:2      | Reached XP level 4. HP: 27/41 MP: 3/3
  1530 | D:3      | Noticed Ijyb
  1554 | D:3      | Noticed Grinder
  1856 | D:4      | HP: 9/41 [orc/short sword (6)]
  2157 | D:4      | Reached XP level 5. HP: 43/47 MP: 2/4
  2216 | D:5      | Entered Level 5 of the Dungeon
  2224 | D:4      | Reached skill level 5 in Fighting
  2231 | D:5      | Noticed a sky beast
  2277 | D:5      | Noticed an ogre
  2308 | D:4      | Reached skill level 5 in Unarmed Combat
  2401 | D:5      | HP: 12/48 [sky beast (5)]
  3108 | D:5      | Killed an ogre
  3108 | D:5      | Reached XP level 6. HP: 40/57 MP: 3/5
  3399 | D:5      | Noticed Prince Ribbit
  3474 | D:6      | Reached skill level 6 in Fighting
  3474 | D:6      | Reached skill level 6 in Unarmed Combat
  3491 | D:6      | Found a sand-covered staircase.
  3517 | Ossuary  | Entered an ossuary
  3660 | Ossuary  | Noticed Crackermeal's ghost (novice GrIE)
  3756 | Ossuary  | Reached XP level 7. HP: 58/60 MP: 6/6
  4065 | Ossuary  | HP: 12/58 [Crackermeal's ghost/puff of frost (3)]
  4150 | Ossuary  | Reached skill level 7 in Fighting
  4194 | Ossuary  | HP: 14/60 [Crackermeal's ghost/shard of ice (21)]
  4419 | D:6      | Found a bloodstained altar of Trog.
  4420 | D:6      | Noticed a wizard
  4425 | D:6      | Killed a wizard
  4576 | D:6      | Found Nymesmiu's Armour Boutique.
  4603 | D:6      | Bought a +1 pair of gloves of dexterity for 181 gold pieces
  4814 | D:6      | Reached skill level 7 in Unarmed Combat
  5073 | D:7      | Reached XP level 8. HP: 47/74 MP: 3/7
  5232 | D:7      | Reached skill level 8 in Fighting
  5260 | D:7      | Reached skill level 1 in Evocations
  5406 | D:7      | Reached skill level 8 in Unarmed Combat
  5465 | D:7      | Reached skill level 2 in Evocations
  5517 | D:7      | HP: 18/75 [human/hand axe (2)]
  5780 | D:7      | Reached skill level 9 in Fighting
  5780 | D:7      | Reached skill level 3 in Evocations
  5780 | D:7      | Reached XP level 9. HP: 56/83 MP: 5/10
  5810 | D:7      | Reached skill level 9 in Unarmed Combat
  6118 | D:8      | Noticed Sestren413's ghost (novice DrTm)
  6329 | D:8      | Noticed a troll
  6713 | D:7      | HP: 16/81 [troll (7)]
  6715 | D:7      | Killed a troll
  6715 | D:7      | Reached skill level 10 in Unarmed Combat
  7061 | D:8      | Noticed Grum
  7267 | D:8      | Reached skill level 3 in Dodging
  7271 | D:8      | Found a shadowy altar of Dithmenos.
  7296 | D:8      | Reached skill level 11 in Unarmed Combat
  7486 | D:8      | Reached skill level 4 in Dodging
  7518 | D:8      | Killed Grum
  7518 | D:8      | Reached XP level 10. HP: 77/91 MP: 8/11
  7891 | D:8      | HP: 14/91 [orc warrior/trident (11)]
  8032 | D:7      | Reached skill level 5 in Dodging
  8607 | D:8      | HP: 18/89 [Sestren413's ghost (11)]
  9114 | D:8      | Killed Sestren413's ghost
  9114 | D:8      | Reached skill level 12 in Unarmed Combat
  9367 | D:9      | Found a staircase to the Orcish Mines.
  9387 | D:9      | Reached skill level 6 in Dodging
  9995 | D:5      | Got a faintly humming scale mail
 10132 | D:5      | Found a staircase to the Ecumenical Temple.
 10137 | Temple   | Entered the Ecumenical Temple
 10189 | Temple   | Became a worshipper of Cheibriados the Contemplative
 10189 | Temple   | Reached * piety under Cheibriados
 10189 | Temple   | Reached ** piety under Cheibriados
 10441 | D:10     | Entered Level 10 of the Dungeon
 10591 | D:10     | Reached skill level 4 in Evocations
 10821 | D:10     | Reached XP level 11. HP: 89/97 MP: 11/13
 10986 | D:10     | Noticed a hill giant
 10997 | D:10     | Killed a hill giant
 10997 | D:10     | Reached skill level 7 in Dodging
 11038 | D:10     | Identified the +2 scale mail of the Bulwark {rElec Str+6 Int-4} (You found it on level 5 of the Dungeon)
 11099 | D:10     | Reached skill level 13 in Unarmed Combat
 11099 | D:10     | Reached skill level 5 in Evocations
 11190 | D:8      | Reached *** piety under Cheibriados
 11379 | D:5      | Killed Prince Ribbit
 11379 | D:5      | Reached skill level 1 in Armour
 11703 | D:10     | Reached skill level 2 in Armour
 11725 | D:11     | Reached skill level 1 in Shields
 11742 | D:11     | Found a staircase to the Lair.
 11832 | D:11     | Noticed a four-headed hydra
 11842 | D:11     | Reached skill level 2 in Shields
 11876 | D:11     | Reached skill level 3 in Armour
 11995 | D:11     | Noticed a hill giant
 12024 | D:11     | Killed a hill giant
 12024 | D:11     | Reached **** piety under Cheibriados
 12024 | D:11     | Reached skill level 3 in Shields
 12028 | D:11     | Noticed a purple ugly thing
 12029 | D:11     | Killed a four-headed hydra
 12029 | D:11     | Reached skill level 4 in Armour
 12038 | D:11     | Killed a purple ugly thing
 12040 | D:11     | Reached skill level 4 in Shields
 12059 | D:11     | Noticed a cyclops
 12083 | D:11     | HP: 17/97 [cyclops (8)]
 12086 | D:11     | Killed a cyclops
 12094 | D:11     | Reached skill level 5 in Armour
 12471 | D:11     | Found Nougiub's Armour Boutique.
 12545 | D:11     | Reached skill level 5 in Shields
 12634 | D:11     | Noticed a cyclops
 12635 | D:11     | Noticed Maurice
 12663 | D:11     | Killed a cyclops
 12689 | D:11     | Killed Maurice
 12689 | D:11     | Reached XP level 12. HP: 104/104 MP: 12/14
 12884 | Lair:1   | Entered Level 1 of the Lair of Beasts
 13122 | Lair:1   | Reached skill level 6 in Armour
 13362 | Lair:1   | Reached skill level 6 in Shields
 13751 | Lair:2   | Learned a level 1 spell: Confusing Touch
 13762 | Lair:2   | Reached ***** piety under Cheibriados
 13946 | Lair:2   | Noticed Harold
 13957 | Lair:2   | Killed Harold
 13957 | Lair:2   | Reached skill level 2 in Hexes
 14106 | Lair:2   | Got a heavily runed silver ring
 14108 | Lair:2   | Identified the ring of Xiniof {*Slow rF+ rC+ Int+10} (You found it on level 2 of the Lair of Beasts)
 14360 | Lair:2   | Reached skill level 3 in Hexes
 14615 | Lair:3   | Found a staircase to the Snake Pit.
 14661 | Lair:3   | Reached skill level 4 in Hexes
 14769 | Lair:3   | Reached skill level 10 in Fighting
 14801 | Lair:3   | Noticed a seven-headed hydra
 14821 | Lair:3   | HP: 21/106 [seven-headed hydra (6)]
 14821 | Lair:3   | HP: 10/106 [seven-headed hydra (11)]
 15384 | Lair:3   | Reached skill level 1 in Invocations
 15450 | Lair:3   | Noticed a seven-headed hydra
 15461 | Lair:3   | Reached skill level 2 in Invocations
 15739 | Lair:4   | Found a staircase to the Shoals.
 15759 | Lair:4   | Reached skill level 14 in Unarmed Combat
 15793 | Lair:4   | Got a warped chain mail
 15838 | Lair:4   | Reached skill level 3 in Invocations
 15838 | Lair:4   | Reached XP level 13. HP: 112/112 MP: 15/15
 15975 | Lair:4   | Reached skill level 4 in Invocations
 16000 | Lair:4   | Reached skill level 5 in Invocations
 16286 | Lair:4   | Noticed Nergalle
 16301 | Lair:4   | Killed Nergalle
 16301 | Lair:4   | Reached skill level 6 in Invocations
 16912 | Lair:5   | Reached skill level 15 in Unarmed Combat
 16972 | Lair:5   | Found a staircase to the Slime Pits.
 17150 | Lair:5   | Reached skill level 7 in Invocations
 17358 | Lair:5   | Noticed a death ooze
 17362 | Lair:5   | Killed a death ooze
 17458 | Lair:5   | You fall through a shaft!
 17458 | Lair:6   | Entered Level 6 of the Lair of Beasts
 17493 | Lair:6   | Reached skill level 8 in Invocations
 17572 | Lair:6   | HP: 13/112 [tyrant leech (21)]
 17707 | Lair:6   | Reached skill level 9 in Invocations
 17712 | Lair:6   | Reached XP level 14. HP: 108/121 MP: 19/19
 17755 | Lair:6   | Reached skill level 16 in Unarmed Combat
 17891 | Lair:6   | Noticed jasper's ghost (journeyman DsMo)
 17941 | Lair:6   | Killed jasper's ghost
 18081 | Lair:6   | Reached skill level 17 in Unarmed Combat
 18145 | Lair:6   | Reached ****** piety under Cheibriados
 18373 | Lair:6   | Got a colourful robe
 19685 | Lair:3   | Reached skill level 18 in Unarmed Combat
 19858 | Orc:1    | Entered Level 1 of the Orcish Mines
 20177 | Orc:2    | Entered Level 2 of the Orcish Mines
 20255 | Orc:2    | Reached skill level 11 in Fighting
 20316 | Orc:2    | Found Soodgh's Antique Weapon Shoppe.
 20340 | Orc:2    | Reached XP level 15. HP: 104/132 MP: 7/20
 20342 | Orc:2    | Reached skill level 12 in Fighting
 20754 | Orc:2    | Found a staircase to the Elven Halls.
 20803 | Orc:2    | Found Apnull's Book Emporium.
 20809 | Orc:2    | Found Conkig's Weapon Shop.
 20844 | Orc:2    | Found Zoewolo's Armour Emporium.
 20933 | Orc:2    | Reached skill level 13 in Fighting
 21207 | Orc:2    | Bought a book of Transfigurations for 990 gold pieces
 21219 | Orc:2    | Identified the cursed +1 chain mail of the Iron Devil {Dex+3} (You found it on level 4 of the Lair of Beasts)
 21413 | Snake:1  | Entered Level 1 of the Snake Pit
 21650 | Snake:1  | Reached skill level 14 in Fighting
 21785 | Snake:1  | Noticed Donald
 21829 | Snake:1  | HP: 31/139 [Donald/long sword of draining (19)]
 21831 | Snake:1  | Killed Donald
 22232 | Snake:2  | Noticed Aizul
 22245 | Snake:2  | Killed Aizul
 22257 | Snake:2  | Reached skill level 15 in Fighting
 22350 | Snake:2  | Noticed Roxanne
 22376 | Snake:3  | Found a sacrificial altar of Ru.
 22376 | Snake:3  | Noticed a nagaraja
 22387 | Snake:2  | Killed a nagaraja
 22799 | Snake:2  | Reached skill level 7 in Armour
 22896 | Snake:3  | Noticed Vashnia
 23250 | Snake:3  | Noticed Bai Suzhen
 23251 | Snake:3  | Noticed a nagaraja
 23272 | Snake:3  | HP: 18/141 [Bai Suzhen/great wave of water (33)]
 23277 | Snake:3  | HP: 13/141 [black mamba (2)]
 23287 | Snake:3  | Noticed a nagaraja
 23290 | Snake:3  | HP: 23/141 [naga sharpshooter/bolt[Vashnia] (9)]
 23291 | Snake:3  | HP: 9/141 [naga sharpshooter/bolt[Vashnia] (15)]
 23291 | Snake:3  | Shot with an arrow by a naga sharpshooter

Vault maps used:
D:1:      nagdon_arrival_double_spiral, minmay_pentomino_q4
D:2:      uniq_natasha
D:3:      uniq_iyjb, uniq_grinder
D:4:      first_bread
D:5:      uniq_prince_ribbit1
D:6:      serial_shops, shop_coins, nicolae_ossuary_entry_false_entrances,
          trog_wizard
D:7:      grunt_livestock
D:8:      nicolae_dithmenos_the_darkroom, uniq_grum
D:9:      david_orc_3
D:11:     minmay_diamond_stairs, lair_0_dummy, serial_shops, shop, uniq_maurice
Temple:   grunt_wide_crystal_templ
Lair:2:   grunt_megastairs_1, uniq_harold
Lair:3:   lemuel_ratsnest, minmay_snake_entry_six_corridors, lab_entry_generic,
          patterned_corridor
Lair:4:   minmay_shoals_entry_hut, minmay_hedge_maze, uniq_nergalle
Lair:5:   minmay_slime_entry_pillars, grunt_megastairs_5
Lair:6:   minmay_lair_end_frog_pond
Snake:1:  nicolae_snake_salamander_stairs, uniq_donald
Snake:2:  serial_bayou_pond_e, uniq_roxanne, uniq_aizul
Snake:3:  basic_altar, uniq_vashnia, uniq_louise, uniq_bai_suzhen
Orc:2:    st_orc_open
Ossuary:  ossuary_tomb_1

Skill      XL: |  1  2  3  4  5  6  7  8  9 10 11 12 13 14 15 |
---------------+----------------------------------------------+-----
Fighting       | 4 5 6 7 9 10 11 15 | 15.0
Unarmed Combat | 4 5 6 7 8 11 12 13 14 15 18 | 18.0
Evocations     | 3 4 5 |  5.1
Dodging        | 4 6 7 |  7.0
Armour         | 5 6 7 |  7.6
Shields        | 5 6 |  6.0
Hexes          | 4 |  4.5
Invocations    | 3 9 |  9.2
Stealth        | |  2.1

Action                   |  1- 3 |  4- 6 |  7- 9 | 10-12 | 13-15 || total
-------------------------+-------+-------+-------+-------+-------++-------
Melee: Unarmed           |   106 |   283 |   420 |   778 |  1098 ||  2685
       Punch             |       |     8 |    30 |    17 |       ||    55
 Cast: Confusing Touch   |       |       |       |     5 |     3 ||     8
Invok: Slouch            |       |       |       |     1 |    14 ||    15
       Bend Time         |       |       |       |       |    13 ||    13
       Step From Time    |       |       |       |       |     1 ||     1
       Temporal Distorti |       |       |       |       |     1 ||     1
Evoke: Wand              |       |       |       |    23 |    12 ||    35
  Use: Scroll            |       |    17 |     6 |     9 |     7 ||    39
       Potion            |       |     1 |     6 |     7 |     8 ||    22
 Stab: Sleeping          |     2 |     5 |       |     5 |     4 ||    16
       Distracted        |       |       |     4 |     1 |     1 ||     6
       Invisible         |       |       |       |     5 |       ||     5
       Confused          |       |       |       |     7 |       ||     7
       Petrified         |       |       |       |       |     1 ||     1
  Eat: Chunk             |    10 |    17 |    48 |    63 |   145 ||   283
       Beef jerky        |       |       |     1 |       |       ||     1
Armor: Robe              |    26 |    56 |    72 |    47 |       ||   201
       Scale mail        |       |       |       |   168 |   259 ||   427
Dodge: Dodged            |    41 |   171 |   230 |   449 |   646 ||  1537
Block: Buckler           |       |       |       |   155 |   359 ||   514
       Shield            |       |       |       |     4 |       ||     4

Vault maps used:
D:1:      nagdon_arrival_double_spiral, minmay_pentomino_q4
D:2:      uniq_natasha
D:3:      uniq_iyjb, uniq_grinder
D:4:      first_bread
D:5:      uniq_prince_ribbit1
D:6:      serial_shops, shop_coins, nicolae_ossuary_entry_false_entrances,
          trog_wizard
D:7:      grunt_livestock
D:8:      nicolae_dithmenos_the_darkroom, uniq_grum
D:9:      david_orc_3
D:11:     minmay_diamond_stairs, lair_0_dummy, serial_shops, shop, uniq_maurice
Temple:   grunt_wide_crystal_templ
Lair:2:   grunt_megastairs_1, uniq_harold
Lair:3:   lemuel_ratsnest, minmay_snake_entry_six_corridors, lab_entry_generic,
          patterned_corridor
Lair:4:   minmay_shoals_entry_hut, minmay_hedge_maze, uniq_nergalle
Lair:5:   minmay_slime_entry_pillars, grunt_megastairs_5
Lair:6:   minmay_lair_end_frog_pond
Snake:1:  nicolae_snake_salamander_stairs, uniq_donald
Snake:2:  serial_bayou_pond_e, uniq_roxanne, uniq_aizul
Snake:3:  basic_altar, uniq_vashnia, uniq_louise, uniq_bai_suzhen
Orc:2:    st_orc_open
Ossuary:  ossuary_tomb_1

Table legend:
 A = Turns spent in this place as a percentage of turns spent in the entire game.
 B = Non-inter-level travel turns spent in this place as a percentage of non-inter-level travel turns spent in the entire game.
 C = Inter-level travel turns spent in this place as a percentage of turns spent in this place.
 D = Turns resting spent in this place as a percentage of non-inter-level travel turns spent in this place.
 E = Turns spent auto-exploring this place as a percentage of non-inter-level travel turns spent in this place.
 F = Non-inter-level travel turns spent in this place divided by the number of levels of this place that you've seen.
                   A       B       C       D       E      F
               +-------+-------+-------+-------+-------+----------------------
         Total | 100.0 | 100.0 |   0.9 |   0.8 |   6.0 | 383.3
       Dungeon |  47.6 |  47.4 |   1.4 |   1.2 |   7.0 | 396.0
        Temple |   0.4 |   0.4 |   2.7 |   0.0 |  41.7 |  36.0
          Lair |  28.3 |  28.4 |   0.5 |   0.3 |   5.1 | 435.2
     Snake Pit |   9.4 |   9.4 |   0.7 |   0.7 |   6.1 | 289.7
  Orcish Mines |   7.8 |   7.8 |   0.4 |   0.3 |   6.4 | 360.0
       Ossuary |   6.5 |   6.6 |   0.0 |   1.0 |   0.0 | 607.0
               +-------+-------+-------+-------+-------+----------------------

Table legend:
 A = Kills in this place as a percentage of kills in entire the game.
 B = Kills by you in this place as a percentage of kills by you in the entire game.
 C = Kills by friends in this place as a percentage of kills by friends in the entire game.
 D = Other kills in this place as a percentage of other kills in the entire game.
 E = Experience gained in this place as a percentage of experience gained in the entire game.
 F = Experience gained in this place divided by the number of levels of this place that you have seen.
                   A       B       C       D       E      F
               +-------+-------+-------+-------+-------+----------------------
         Total | 100.0 | 100.0 |  -nan |  -nan | 100.0 | 5161.4
       Dungeon |  37.6 |  37.6 |  -nan |  -nan |  14.9 | 1673.0
          Lair |  34.2 |  34.2 |  -nan |  -nan |  46.9 | 9692.0
     Snake Pit |   7.0 |   7.0 |  -nan |  -nan |  23.1 | 9526.7
  Orcish Mines |  16.0 |  16.0 |  -nan |  -nan |  14.9 | 9215.5
       Ossuary |   5.3 |   5.3 |  -nan |  -nan |   0.2 | 308.0
               +-------+-------+-------+-------+-------+----------------------
